General information
- name: BNet
- type: Ladder team game (AT/RT)
- host: Battle.net
- saver: teelo
map: FullScaleAssault
- players: 8
- length: 19:43
- speed: Fast
- version: 1.26 W3XP
- replay type: Public
» download(123 KB)
Players
team 1 (winner)
TheKush (
teal | 45 APM | 892 actions | 19:42)
5 Archmage
3 Summon Water Elemental
2 Brilliance Aura
» actions
| Assign group hotkey | 147 | |
| Basic commands | 74 | |
| Build / train | 50 | |
| Enter build submenu | 19 | |
| Enter hero's abilities submenu | 5 | |
| Right click | 138 | |
| Select / deselect | 214 | |
| Select group hotkey | 212 | |
| Use ability | 33 | |
892 total
» units
| Peasant | 8 | |
| Rifleman | 19 | |
| Priest | 6 | |
33 total
» upgrades
| Gunpowder | 2 | |
| Armor | 2 | |
| Long Rifles | 1 | |
| Lumber Harvesting | 1 | |
6 total
» buildings
| Altar of Kings | 1 | |
| Blacksmith | 1 | |
| Farm | 11 | |
| Barracks | 2 | |
| Keep | 1 | |
| Arcane Sanctum | 1 | |
| Lumber Mill | 1 | |
| Workshop | 2 | |
20 total
» build order
00:15 Altar of Kings
00:19 Blacksmith
00:28 Farm
01:57 Barracks
01:59 Barracks
02:08 Farm
02:10 Farm
02:54 Farm
02:56 Farm
04:54 Farm
06:28 Farm
06:48 Keep
07:27 Farm
10:09 Arcane Sanctum
13:25 Farm
13:27 Farm
16:02 Lumber Mill
17:21 Farm
19:38 Workshop
19:41 Workshop
» items
| Scroll of Regeneration | 2 | |
| Scroll of Town Portal | 2 | |
4 total
th3aceof561 (
yellow | 22 APM | 441 actions | 19:42)
3 Demon Hunter
2 Immolation
1 Evasion
» actions
| Build / train | 64 | |
| Enter build submenu | 18 | |
| Enter hero's abilities submenu | 3 | |
| Right click | 174 | |
| Select / deselect | 144 | |
| Use ability | 38 | |
441 total
» units
| Wisp | 8 | |
| Archer | 7 | |
| Hippogryph | 15 | |
| Chimaera | 13 | |
| Huntress | 8 | |
| Druid of the Claw | 5 | |
56 total
» upgrades
| Druid of the Claw Training | 1 | |
1 total
» buildings
| Altar of Elders | 1 | |
| Moon Well | 8 | |
| Ancient of War | 1 | |
| Tree of Ages | 1 | |
| Tree of Eternity | 1 | |
| Ancient of Wonders | 1 | |
| Hunter's Hall | 1 | |
| Ancient of Wind | 1 | |
| Chimaera Roost | 1 | |
| Ancient of Lore | 1 | |
17 total
» build order
00:14 Altar of Elders
00:36 Moon Well
00:49 Ancient of War
02:28 Moon Well
03:26 Moon Well
03:29 Tree of Ages
04:23 Moon Well
06:34 Moon Well
06:42 Tree of Eternity
06:50 Ancient of Wonders
07:12 Hunter's Hall
07:46 Ancient of Wind
08:22 Moon Well
09:54 Chimaera Roost
12:38 Moon Well
14:26 Moon Well
15:57 Ancient of Lore
» items
DiOs-LorIen (
pink | 63 APM | 1235 actions | 19:42)
5 Paladin
3 Holy Light
2 Divine Shield
5 Mountain King
3 Storm Bolt
2 Bash
4 Archmage
2 Brilliance Aura
2 Summon Water Elemental
» actions
| Build / train | 88 | |
| Enter build submenu | 28 | |
| Enter hero's abilities submenu | 13 | |
| Remove unit from queue | 2 | |
| Right click | 638 | |
| Select / deselect | 403 | |
| Use ability | 62 | |
1235 total
» units
| Peasant | 32 | |
| Footman | 7 | |
| Priest | 6 | |
| Goblin Zeppelin | 2 | |
| Mortar Team | 3 | |
| Knight | 2 | |
| Flying Machine | 2 | |
54 total
» upgrades
| Lumber Harvesting | 2 | |
| Gunpowder | 2 | |
| Plating | 1 | |
| Swords | 0 | |
| Masonry | 1 | |
| Flak Cannons | 1 | |
| Flying Machine Bombs | 1 | |
| Fragmentation Shards | 1 | |
| Priest Training | 1 | |
10 total
» buildings
| Barracks | 1 | |
| Farm | 14 | |
| Altar of Kings | 1 | |
| Arcane Vault | 1 | |
| Town Hall | 3 | |
| Keep | 1 | |
| Lumber Mill | 1 | |
| Blacksmith | 1 | |
| Arcane Sanctum | 1 | |
| Castle | 1 | |
| Workshop | 3 | |
28 total
» build order
00:19 Barracks
00:22 Farm
00:31 Altar of Kings
01:04 Farm
01:47 Arcane Vault
01:50 Farm
02:37 Farm
03:23 Farm
04:25 Town Hall
05:44 Keep
06:57 Lumber Mill
07:01 Farm
07:14 Blacksmith
07:47 Farm
08:20 Arcane Sanctum
09:08 Farm
09:28 Castle
09:51 Farm
10:03 Workshop
10:10 Workshop
10:39 Farm
11:11 Workshop
11:43 Farm
12:53 Farm
13:35 Farm
15:36 Farm
16:32 Town Hall
17:05 Town Hall
» items
| Lesser Clarity Potion | 1 | |
| Scroll of Regeneration | 2 | |
3 total
teelo (
green | 62 APM | 1232 actions | 19:43)
5 Blood Mage
3 Flame Strike
2 Siphon Mana
» actions
| Assign group hotkey | 81 | |
| Basic commands | 51 | |
| Build / train | 82 | |
| ESC pressed | 5 | |
| Enter build submenu | 27 | |
| Enter hero's abilities submenu | 5 | |
| Give item / drop item | 1 | |
| Right click | 403 | |
| Select / deselect | 169 | |
| Select group hotkey | 319 | |
| Use ability | 89 | |
1232 total
» units
| Peasant | 12 | |
| Footman | 12 | |
| Sorceress | 2 | |
| Siege Engine | 13 | |
39 total
» upgrades
| Masonry | 1 | |
| Defend | 1 | |
| Plating | 3 | |
| Gunpowder | 3 | |
| Sorceress Training | 1 | |
| Magic Sentry | 1 | |
| Barrage | 1 | |
| Lumber Harvesting | 1 | |
12 total
» buildings
| Altar of Kings | 1 | |
| Farm | 9 | |
| Lumber Mill | 2 | |
| Scout Tower | 6 | |
| Barracks | 2 | |
| Arcane Tower | 2 | |
| Blacksmith | 1 | |
| Arcane Vault | 1 | |
| Keep | 1 | |
| Town Hall | 1 | |
| Guard Tower | 2 | |
| Castle | 1 | |
| Arcane Sanctum | 1 | |
| Workshop | 3 | |
33 total
» build order
00:22 Altar of Kings
00:37 Farm
00:54 Lumber Mill
01:49 Farm
01:57 Scout Tower
02:11 Barracks
02:15 Barracks
02:25 Farm
02:38 Arcane Tower
02:42 Scout Tower
02:58 Farm
03:20 Blacksmith
03:27 Arcane Vault
03:46 Arcane Tower
04:42 Farm
06:41 Keep
07:45 Town Hall
07:46 Scout Tower
07:46 Scout Tower
08:16 Guard Tower
08:48 Scout Tower
08:51 Scout Tower
09:16 Castle
09:22 Guard Tower
10:11 Arcane Sanctum
11:07 Workshop
11:08 Workshop
11:12 Workshop
15:39 Farm
15:39 Farm
15:45 Lumber Mill
16:01 Farm
16:03 Farm
» items
| Scroll of Regeneration | 4 | |
| Lesser Clarity Potion | 6 | |
| Boots of Speed | 1 | |
| Staff of Teleportation | 1 | |
| Scroll of Protection | 1 | |
| Potion of Invisibility | 1 | |
| Potion of Mana | 3 | |
| Orb of Fire | 1 | |
| Scroll of Town Portal | 1 | |
19 total
team 2 (loser)
fum123 (
blue | 138 APM | 2712 actions | 19:41)
5 Archmage
3 Summon Water Elemental
2 Brilliance Aura
3 Blood Mage
2 Flame Strike
1 Banish
2 Mountain King
2 Bash
» actions
| Assign group hotkey | 34 | |
| Basic commands | 184 | |
| Build / train | 58 | |
| Enter build submenu | 21 | |
| Enter hero's abilities submenu | 10 | |
| Give item / drop item | 2 | |
| Right click | 705 | |
| Select / deselect | 251 | |
| Select group hotkey | 1400 | |
| Use ability | 47 | |
2712 total
» units
| Peasant | 19 | |
| Footman | 8 | |
| Gryphon Rider | 11 | |
| Siege Engine | 1 | |
39 total
» upgrades
| Storm Hammers | 1 | |
| Swords | 1 | |
| Armor | 1 | |
3 total
» buildings
| Blacksmith | 2 | |
| Altar of Kings | 1 | |
| Farm | 11 | |
| Barracks | 1 | |
| Arcane Vault | 1 | |
| Lumber Mill | 1 | |
| Keep | 1 | |
| Castle | 1 | |
| Gryphon Aviary | 2 | |
21 total
» build order
00:11 Blacksmith
00:13 Altar of Kings
00:17 Farm
00:23 Barracks
01:01 Farm
01:37 Arcane Vault
02:02 Farm
02:31 Lumber Mill
03:51 Keep
04:13 Blacksmith
04:16 Farm
05:21 Farm
06:16 Castle
06:43 Gryphon Aviary
06:45 Gryphon Aviary
09:05 Farm
09:08 Farm
09:21 Farm
10:50 Farm
17:12 Farm
17:14 Farm
» items
killerhot12 (
red | 23 APM | 396 actions | 17:33)
3 Demon Hunter
2 Immolation
1 Evasion
» actions
| Build / train | 66 | |
| Enter build submenu | 19 | |
| Enter hero's abilities submenu | 3 | |
| Remove unit from queue | 9 | |
| Right click | 106 | |
| Select / deselect | 161 | |
| Use ability | 32 | |
396 total
» units
| Wisp | 16 | |
| Archer | 12 | |
| Druid of the Claw | 17 | |
45 total
» upgrades
| Druid of the Claw Training | 2 | |
| Mark of the Claw | 1 | |
| Strength of the Wild | 2 | |
5 total
» buildings
| Moon Well | 5 | |
| Altar of Elders | 1 | |
| Ancient of War | 1 | |
| Hunter's Hall | 1 | |
| Tree of Ages | 2 | |
| Ancient Protector | 6 | |
| Ancient of Lore | 3 | |
| Tree of Eternity | 1 | |
20 total
» build order
00:23 Moon Well
00:38 Altar of Elders
00:55 Ancient of War
02:13 Moon Well
02:38 Hunter's Hall
03:11 Moon Well
03:36 Tree of Ages
03:36 Tree of Ages
03:44 Moon Well
04:06 Ancient Protector
04:49 Moon Well
07:01 Ancient Protector
07:37 Ancient of Lore
07:41 Ancient of Lore
07:48 Tree of Eternity
08:13 Ancient of Lore
12:35 Ancient Protector
12:54 Ancient Protector
12:59 Ancient Protector
13:19 Ancient Protector

»
cronicblaze (
orange | 32 APM | 558 actions | 17:37)
5 Warden
3 Fan of Knives
2 Blink
» actions
| Assign group hotkey | 8 | |
| Build / train | 62 | |
| Enter build submenu | 18 | |
| Enter hero's abilities submenu | 5 | |
| Give item / drop item | 5 | |
| Remove unit from queue | 3 | |
| Right click | 246 | |
| Select / deselect | 130 | |
| Select group hotkey | 34 | |
| Use ability | 47 | |
558 total
» units
» upgrades
| Strength of the Moon | 2 | |
| Moon Armor | 2 | |
| Strength of the Wild | 3 | |
| Reinforced Hides | 3 | |
| Upgrade Moon Glaive | 1 | |
| Corrosive Breath | 1 | |
12 total
» buildings
| Moon Well | 7 | |
| Altar of Elders | 1 | |
| Ancient of War | 2 | |
| Hunter's Hall | 1 | |
| Ancient of Wonders | 1 | |
| Tree of Life | 1 | |
| Tree of Ages | 1 | |
| Tree of Eternity | 1 | |
| Ancient of Wind | 1 | |
| Chimaera Roost | 3 | |
19 total
» build order
00:22 Moon Well
00:34 Altar of Elders
01:20 Ancient of War
01:53 Ancient of War
01:57 Moon Well
02:42 Hunter's Hall
02:48 Moon Well
02:55 Ancient of Wonders
05:12 Moon Well
06:25 Moon Well
07:41 Tree of Life
07:46 Tree of Ages
10:21 Tree of Eternity
10:28 Ancient of Wind
13:22 Chimaera Roost
13:24 Chimaera Roost
13:26 Chimaera Roost
15:58 Moon Well
16:03 Moon Well
» items
| Scroll of Regeneration | 2 | |
| Scroll of Healing | 2 | |
| Potion of Lesser Invulnerability | 1 | |
| Scroll of Town Portal | 2 | |
| Periapt of Vitality | 1 | |
| Orb of Venom | 1 | |
| Potion of Healing | 1 | |
10 total

»
bulbasaur_pwns (
purple | 37 APM | 560 actions | 15:14)
3 Mountain King
2 Storm Bolt
1 Bash
» actions
| Assign group hotkey | 13 | |
| Basic commands | 24 | |
| Build / train | 43 | |
| Enter build submenu | 18 | |
| Enter hero's abilities submenu | 3 | |
| Right click | 105 | |
| Select / deselect | 149 | |
| Select group hotkey | 161 | |
| Use ability | 44 | |
560 total
» units
| Peasant | 13 | |
| Footman | 9 | |
| Siege Engine | 5 | |
27 total
» upgrades
| Defend | 1 | |
| Plating | 3 | |
| Lumber Harvesting | 1 | |
| Barrage | 1 | |
| Gunpowder | 1 | |
7 total
» buildings
| Altar of Kings | 1 | |
| Farm | 10 | |
| Barracks | 1 | |
| Lumber Mill | 1 | |
| Keep | 1 | |
| Blacksmith | 1 | |
| Arcane Vault | 1 | |
| Castle | 1 | |
| Workshop | 2 | |
19 total
» build order
00:27 Altar of Kings
00:38 Farm
01:01 Barracks
01:12 Lumber Mill
01:21 Farm
01:58 Farm
02:32 Farm
03:10 Keep
03:28 Farm
05:12 Blacksmith
05:19 Arcane Vault
06:13 Castle
06:54 Workshop
06:57 Workshop
07:03 Farm
08:00 Farm
08:22 Farm
09:04 Farm
11:49 Farm
» items
| Lesser Clarity Potion | 1 | |
| Scroll of Healing | 1 | |
| Scroll of Town Portal | 1 | |
3 total
Chat log
(00:08 / Allies) TheKush: rush
(00:11 / Allies) DiOs-LorIen: rushh cc?
(00:12 / Allies) teelo: no u
(00:14 / Allies) DiOs-LorIen: rushh?
(00:24 / Allies) DiOs-LorIen: k rushh
(00:28 / Allies) th3aceof561: its a big mag
(00:30 / Allies) TheKush: rifles
(00:31 / Allies) th3aceof561: map
(00:35 / Allies) DiOs-LorIen: and?
(00:51 / Allies) DiOs-LorIen: split
(00:56 / Allies) TheKush: ok
(00:59 / Allies) TheKush: actually
(01:00 / Allies) TheKush: no
(01:00 / Allies) TheKush: all
(01:01 / Allies) TheKush: together
(01:09 / Allies) th3aceof561: ok
(01:12 / Allies) TheKush: units
(02:24 / Allies) DiOs-LorIen: lol
(02:27 / Allies) DiOs-LorIen: he not rush
(02:35 / Allies) teelo: you sure?
(02:44 / Allies) TheKush: nvm
(02:45 / Allies) TheKush: mass
(02:46 / Allies) th3aceof561: then cc
(02:47 / Allies) DiOs-LorIen: its a joke
(02:48 / Allies) TheKush: units
(02:49 / Allies) TheKush: plzz
(02:58 / Allies) th3aceof561: bears chims
(03:04 / Allies) th3aceof561: hippos
(03:11 / Allies) teelo: seriously I double rax the chokes now you want to tech?
(03:14 / Allies) TheKush: all
(03:16 / Allies) TheKush: meet
(04:01 / Allies) teelo: get back over here teal you idiot
(05:03 / Allies) TheKush: come
(05:04 / Allies) TheKush: pink
(06:16 / Allies) TheKush: ur
(06:20 / Allies) TheKush: bitchees
(06:21 / Allies) TheKush: straight
(06:22 / Allies) TheKush: to
(06:23 / Allies) TheKush: blood
(06:24 / Allies) TheKush: clot
(06:33 / Allies) teelo: blame yellow
(06:34 / Allies) teelo: he teched
(08:53 / Allies) TheKush: wat
(09:03 / Allies) TheKush: yo
(09:03 / Allies) TheKush: wat
(09:04 / Allies) TheKush: units
(09:06 / Allies) TheKush: yellow
(09:07 / Allies) TheKush: u
(09:08 / Allies) TheKush: getting
(09:12 / Allies) TheKush: chims
(09:33 / Allies) th3aceof561: hippos
(09:34 / Allies) th3aceof561: chims
(09:40 / Allies) TheKush: cool
(10:33 / Allies) teelo: they're about to hit through bottom
(10:33 / Allies) TheKush: green
(10:34 / Allies) TheKush: units
(11:16 / Allies) teelo: going tanks
(11:16 / Allies) TheKush: orange
(11:43 / Allies) TheKush: back
(11:53 / Allies) teelo: tanks or morts or something
(12:13 / Allies) TheKush: 3000
(12:14 / Allies) TheKush: gold
(12:15 / Allies) TheKush: fuckin
(12:16 / Allies) TheKush: dum
(12:17 / Allies) TheKush: cunt
(12:19 / Allies) TheKush: use
(12:19 / Allies) TheKush: ur
(12:20 / Allies) TheKush: goild
(12:21 / Allies) DiOs-LorIen: umber
(13:40 / Allies) th3aceof561: tp
(13:42 / Allies) TheKush: now
(14:16 / All) TheKush: gg
(14:23 / Allies) TheKush: nice
(14:24 / Allies) TheKush: pink
(15:12 / All) TheKush: gg
(15:29 / Allies) TheKush: lets
(15:29 / Allies) TheKush: hit
(15:30 / Allies) TheKush: red
(15:32 / Allies) TheKush: now
(15:38 / Allies) TheKush: pink
(15:39 / Allies) TheKush: come
(16:03 / Allies) th3aceof561: thanks
(17:37 / All) TheKush: gg
(17:42 / All) teelo: gg
(19:22 / Allies) TheKush: backk
(19:24 / Allies) TheKush: back
(19:24 / Allies) TheKush: save
(19:25 / Allies) TheKush: units